 Dungeon Crawl Stone Soup version 0.19-a0-1899-g2d93087 (webtiles) character file.

9221 kae the Carver (level 11, -5/90 HPs)
             Began as a Formicid Fighter on Oct 20, 2016.
             Was an Elder of Okawaru.
             Succumbed to an orange demon's poison
             ... on level 11 of the Dungeon.
             The game lasted 00:14:24 (10754 turns).

kae the Carver (Formicid Fighter)                  Turns: 10754, Time: 00:14:25

Health: -5/90      AC: -3    Str: 23    XL:     11   Next: 70%
Magic:  25/26      EV: 13    Int:  9    God:    Okawaru [****..]
Gold:   505        SH: 13    Dex: 10    Spells: 0 memorised, 10 levels left

rFire  . . .     SeeInvis +     E - +0 scimitar (protect)
rCold  + . .     Gourm    .     g - +4 ring mail {rC+}
rNeg   . . .     Faith    .     c - +0 shield
rPois  .         Spirit   .     (helmet unavailable)
rElec  .         Reflect  .     r - +0 cloak
rCorr  .         Harm     .     (no gloves)
MR     +....                    (no boots)
Stlth  ++........               (no amulet)
                                D - ring of flight
                                l - ring of magical power

@: lethally poisoned (-5 -> -84), heroism, weakened, corroded
A: permanent stasis, dig shafts and tunnels, four strong arms, antennae 3
a: Dig, Shaft Self, Heroism, Renounce Religion, Evoke Flight


You were on level 11 of the Dungeon.
You worshipped Okawaru.
Okawaru was greatly pleased with you.
You were hungry.

You visited 2 branches of the dungeon, and saw 12 of its levels.

You collected 505 gold pieces.

Inventory:

Hand Weapons
 a - a +1 long sword
 E - a +0 scimitar of protection (weapon)
Armour
 b - a +0 scale mail
 c - a +0 shield (worn)
 g - a +4 ring mail of cold resistance (worn)
 r - a +0 cloak (worn)
Jewellery
 l - a ring of magical power (left hand)
 D - a ring of flight (right hand)
 J - an uncursed ring of magical power
Wands
 p - a wand of disintegration (13/24)
 w - a wand of random effects (19/48)
 B - a wand of paralysis (9/24)
 C - a wand of lightning (6/15)
 G - a wand of confusion (25/48)
Scrolls
 e - 8 scrolls of remove curse
 i - 3 scrolls of identify
 k - 4 scrolls of enchant weapon
 m - 2 scrolls of summoning {unknown}
 x - a scroll of magic mapping
 y - 2 scrolls of amnesia
 H - 3 scrolls of recharging
Potions
 d - 2 potions of mutation
 j - 8 potions of curing
 n - 2 potions of agility
 o - 3 potions of brilliance
 q - 4 potions of magic
 u - a potion of cancellation
Books
 F - a book of Clouds

   Spells                             Type                      Level
   a - Mephitic Cloud                 Conjuration/Poison/Air       3
   b - Conjure Flame                  Conjuration/Fire             3
   c - Poisonous Cloud                Conjuration/Poison/Air       6
   d - Freezing Cloud                 Conjuration/Ice/Air          6
   e - Ring of Flames                 Charms/Fire                  7
 K - a book of Unlife

   Spells                             Type                      Level
   a - Recall                         Summoning/Translocation      3
   b - Animate Dead                   Necromancy                   4
   c - Control Undead                 Necromancy                   4
   d - Cigotuvi's Embrace             Necromancy                   5
   e - Death Channel                  Necromancy                   6
   f - Simulacrum                     Ice/Necromancy               6
Comestibles
 f - 8 bread rations
 h - 3 beef jerkies
 t - 4 meat rations
 v - 2 fruits
 z - 9 slices of pizza
 A - a royal jelly
 I - 2 chunks of flesh


   Skills:
 + Level 9.7(14.7) Fighting
 * Level 11.9(16.9) Long Blades
 - Level 3.2(8.2) Armour
 - Level 9.0(14.0) Shields
 * Level 8.4 Invocations


You had 10 spell levels left.
You didn't know any spells.

Dungeon Overview and Level Annotations

Branches:
Dungeon (11/15)            Temple (1/1) D:4            Lair (0/6) D:10
    Orc: D:9-12

Altars:
Ashenzari
Cheibriados
Dithmenos
Elyvilon
Fedhas
Gozag
Hepliaklqana
Kikubaaqudgha
Makhleb
Nemelex Xobeh
Okawaru
Qazlal
Ru
Sif Muna
Trog
Uskayaw
Vehumet
Yredelemnul
Zin
The Shining One

Shops:
D:6 :   D:7 (


Innate Abilities, Weirdness & Mutations

You are under a permanent stasis effect.
You can dig through walls and to a lower floor.
Your four strong arms can wield two-handed weapons with a shield.
You have a pair of large antennae on your head. (SInv)


Message History

The crimson imp blinks!
The orange demon stings you but does no damage.
You feel much better.
* * * LOW HITPOINT WARNING * * *
You feel very sick. You block the kobold's attack.
The orange demon stings you from afar!
* * * LOW HITPOINT WARNING * * *
You are more poisoned.
The orange demon poisons you!
Are you sure you want to shaft yourself?
You are feeling hungry.
* * * LOW HITPOINT WARNING * * *
You feel extremely sick.
The orange demon disappears in a puff of smoke!
The kobold demonologist looks satisfied for a moment.
You block the kobold's attack. The rust devil hits you.
* * * LOW HITPOINT WARNING * * *
The rust devil corrodes you!
You begin to dig a shaft.
You continue digging a shaft.
You die...

..............#
#.............#
#.............#
#.###########.### #
.........#K..#
....5....#...#
.........#...#
......5KK#...#
####'#.#......54@(...#
.......#......####...#
.......######.#......#
#...........# #.....##
#...........###.....#
#................>..#
#.....................#
#...........#########.#
#.........).#.......#.#


You could see a rust devil, a kobold demonologist, a crimson imp, a shadow imp,
an ufetubus and a kobold.

Vanquished Creatures
  Pikel (D:6)
  An ugly thing (D:9)
  A komodo dragon (D:8)
  A troll (D:9)
  A hippogriff (D:8)
  Sigmund (D:6)
  A vampire (D:11)
  A wyvern (D:11)
  10 yaks (D:9)
  2 humans (D:7)
  Edmund (D:5)
  2 soldier ants
  Duvessa (D:7)
  2 ice beasts
  A sky beast (D:10)
  5 orc warriors
  2 phantoms
  4 slaves (D:6)
  A hornet zombie (D:7)
  5 ogres
  3 centaurs
  2 big kobolds
  Blork the orc (D:6)
  5 bullfrogs
  Dowan (D:7)
  2 scorpions
  4 wights (D:9)
  9 killer bees
  2 howler monkeys
  A bullfrog zombie (D:8)
  2 centaur zombies
  4 crimson imps
  9 hounds
  2 jellies
  A bullfrog skeleton (D:4)
  An orc priest (D:9)
  4 orc wizards
  Crazy Yiuf (D:3)
  3 iguanas
  3 centaur skeletons
  Terence (D:3)
  11 worker ants
  A hound zombie (D:9)
  2 hound skeletons
  A worker ant zombie (D:10)
  A howler monkey zombie (D:5)
  20 adders
  2 shadow imps
  2 oozes
  An adder skeleton (D:9)
  7 worms
  2 dart slugs (D:1)
  7 leopard geckos
  17 orcs
  6 bats
  8 giant cockroaches
  7 hobgoblins
  21 jackals
  16 kobolds
  6 quokkas
  2 ball pythons
  5 frilled lizards
  9 goblins
  A quokka skeleton (D:7)
  A quokka zombie (D:9)
  3 rats
264 creatures vanquished.

Vanquished Creatures (others)
  An orc wizard (D:6)
  An orc (D:6)
2 creatures vanquished.

Grand Total: 266 creatures vanquished

Notes
Turn   | Place    | Note
-------+----------+-------------------------------------------
     0 | D:1      | kae the Formicid Fighter began the quest for the Orb.
     0 | D:1      | Reached XP level 1. HP: 18/18 MP: 1/1
    81 | D:1      | Reached XP level 2. HP: 24/24 MP: 2/2
   602 | D:1      | Reached XP level 3. HP: 29/29 MP: 3/3
   794 | D:2      | Reached skill level 3 in Long Blades
   826 | D:2      | Reached XP level 4. HP: 23/37 MP: 4/4
  1688 | D:2      | Reached XP level 5. HP: 42/42 MP: 5/5
  1973 | D:3      | Noticed Terence
  1999 | D:3      | Killed Terence
  2168 | D:3      | Found a faded altar of an unknown god.
  2327 | D:3      | Reached skill level 4 in Long Blades
  2442 | D:3      | Reached XP level 6. HP: 40/49 MP: 6/6
  2580 | D:3      | Found a runed door.
  2645 | D:3      | Found a blossoming altar of Fedhas.
  2868 | D:3      | Noticed Crazy Yiuf
  2877 | D:3      | Killed Crazy Yiuf
  2926 | D:4      | Reached skill level 5 in Shields
  3041 | D:4      | Reached skill level 5 in Fighting
  3041 | D:4      | Reached skill level 5 in Long Blades
  3041 | D:4      | Reached XP level 7. HP: 56/56 MP: 7/7
  3471 | D:4      | Found a staircase to the Ecumenical Temple.
  3493 | Temple   | Entered the Ecumenical Temple
  3665 | D:4      | Found a bloodstained altar of Trog.
  3767 | D:5      | Entered Level 5 of the Dungeon
  3801 | D:5      | Found a glowing golden altar of the Shining One.
  4021 | D:5      | Noticed Edmund
  4028 | D:5      | Killed Edmund
  4028 | D:5      | Reached skill level 6 in Long Blades
  4028 | D:5      | Reached XP level 8. HP: 63/63 MP: 8/8
  4210 | D:5      | You fall through a shaft for 3 floors!
  4502 | D:8      | Found a burning altar of Makhleb.
  4714 | D:7      | Found Biadugy's Weapon Shop.
  4725 | D:7      | Reached skill level 7 in Long Blades
  4737 | D:7      | Noticed Dowan
  4738 | D:7      | Noticed Duvessa
  4787 | D:7      | Killed Duvessa
  4791 | D:7      | Killed Dowan
  4983 | D:6      | Reached XP level 9. HP: 39/71 MP: 9/9
  5190 | D:6      | Reached skill level 8 in Long Blades
  5232 | D:6      | Noticed Pikel
  5251 | D:6      | Killed Pikel
  5365 | D:6      | Noticed Blork the orc
  5374 | D:6      | Killed Blork the orc
  5406 | D:6      | Found Lirhodick's Book Shoppe.
  5443 | D:6      | Noticed Sigmund
  5448 | D:6      | Killed Sigmund
  5541 | D:6      | Found a hide-covered altar of Uskayaw.
  5829 | D:7      | Reached skill level 9 in Long Blades
  6219 | D:7      | Found an iron altar of Okawaru.
  6256 | D:7      | Became a worshipper of Warmaster Okawaru
  6333 | D:7      | Reached XP level 10. HP: 73/80 MP: 10/10
  6478 | D:7      | Found a shadowy altar of Dithmenos.
  6678 | D:7      | Found a basalt altar of Yredelemnul.
  6931 | D:8      | Found a runed door.
  6950 | D:8      | Reached * piety under Okawaru
  6950 | D:8      | Reached skill level 10 in Long Blades
  6970 | D:8      | Found a runed door.
  7004 | D:8      | Reached skill level 1 in Invocations
  7316 | D:8      | Noticed a komodo dragon
  7323 | D:8      | Killed a komodo dragon
  7489 | D:8      | Found a snail-covered altar of Cheibriados.
  8016 | D:9      | Found a sacrificial altar of Ru.
  8051 | D:9      | Reached ** piety under Okawaru
  8062 | D:9      | Reached skill level 5 in Invocations
  8323 | D:9      | Noticed a white ugly thing
  8343 | D:9      | Killed a white ugly thing
  8343 | D:9      | Reached skill level 11 in Long Blades
  8343 | D:9      | Reached XP level 11. HP: 37/89 MP: 15/15
  8914 | D:9      | Reached *** piety under Okawaru
  9428 | D:10     | Entered Level 10 of the Dungeon
  9999 | D:10     | Found a staircase to the Lair.
 10658 | D:11     | Reached **** piety under Okawaru
 10749 | D:11     | HP: 3/90 [poisoned by an orange demon]
 10753 | D:11     | HP: 1/90 [rust devil[a kobold demonologist] (5)]
 10754 | D:11     | Succumbed to an orange demon's poison

Vault maps used:
D:1:      shiori_arrival_oz
D:3:      marbit_many_paths, ecumenical_altar_1, minmay_door_square,
          uniq_terence, uniq_crazy_yiuf_cottage
D:4:      kennysheep_mini_moat
D:5:      tso_oasis_becter, kennysheep_little_box, first_bread, uniq_edmund
D:6:      old_standard_altar, serial_shops, nicolae_shop_stone, uniq_sigmund,
          uniq_pikel, uniq_blork_the_orc
D:7:      lemuel_coloured_pillars_altar, kennysheep_mini, okawaru_humans,
          serial_shops, shop, uniq_duvessa
D:8:      lemuel_insect_pit, lemuel_doored_altar, cheibrodos_worm_habitat
D:9:      overflow_temple_1_default
D:10:     lair_0_dummy, grunt_pizzeria
Temple:   jpeg_temple_alley_garden

Skill      XL: |  1  2  3  4  5  6  7  8  9 10 11 |
---------------+----------------------------------+-----
Shields        | 4 5 7 8 9 |  9.0
Long Blades    | 3 4 5 6 7 9 11 | 11.9
Fighting       | 4 5 6 7 9 |  9.7
Invocations    | 5 8 |  8.4
Armour         | |  3.2

Action                   |  1- 3 |  4- 6 |  7- 9 | 10-12 || total
-------------------------+-------+-------+-------+-------++-------
Melee: Long sword        |    86 |   247 |   259 |       ||   592
       Scimitar          |       |       |   108 |   608 ||   716
Invok: Heroism           |       |       |       |     7 ||     7
 Abil: Dig               |       |       |     6 |     4 ||    10
       Shaft Self        |       |       |     1 |     1 ||     2
  Use: Scroll            |       |    13 |     3 |     6 ||    22
       Potion            |       |     1 |     5 |     2 ||     8
 Stab: Invisible         |       |     2 |       |       ||     2
  Eat: Chunk             |       |     8 |    12 |    15 ||    35
Armor: Scale mail        |    37 |    89 |    40 |       ||   166
       Skin              |       |    16 |     6 |       ||    22
       Ring mail         |       |       |    46 |   163 ||   209
Dodge: Dodged            |    32 |    79 |    87 |   180 ||   378
Block: Shield            |    42 |   128 |   168 |   313 ||   651
       Rpst.: Long sword |     9 |    21 |    17 |       ||    47
       Scimitar          |       |       |     8 |    68 ||    76
